 Dungeon Crawl Stone Soup version 0.26.0-45-g9c1d065592 (webtiles) character file.

Game seed: 8670861351224652077

1495 kreisler the Covert (level 8, -2/52 HPs)
             Began as an Octopode Brigand on Jan 27, 2021.
             Slain by an orc warrior
             ... wielding a +0 halberd
              (24 damage)
             ... on level 6 of the Dungeon.
             The game lasted 00:24:01 (5780 turns).

kreisler the Covert (Octopode Brigand)              Turns: 5780, Time: 00:24:01

Health: -2/52      AC:  1    Str: 10    XL:     8   Next: 81%
Magic:  11/11      EV: 14    Int: 13    God:
Gold:   265        SH:  0    Dex: 16    Spells: 11/11 levels left

rFire    . . .     SeeInvis .   a - +3 dagger
rCold    . . .     Faith    .   (no shield)
rNeg     + . .     Spirit   .   (helmet restricted)
rPois    .         Reflect  .   (no amulet)
rElec    .         Harm     .   l - ring of positive energy
rCorr    +         Rampage  .   m - ring of resist corrosion
Will     .....                  (no ring)
Stlth    +++++.....             (no ring)
HPRegen  0.17/turn              (no ring)
MPRegen  0.12/turn              (no ring)
                                (no ring)
                                (no ring)

@: mighty
A: almost no armour, stealthy swim, amphibious, 8 rings, constrict 8, camouflage
1, gelatinous body 1
a: no special abilities


You were on level 6 of the Dungeon.
You visited 1 branch of the dungeon, and saw 6 of its levels.
You also visited: Ossuary.

You collected 265 gold pieces.

Inventory:

Hand Weapons
 a - a +3 dagger (weapon)
Missiles
 b - 7 poisoned darts (quivered)
 c - a curare-tipped dart
Jewellery
 i - the ring of Taynaob {rF+ Str+5}
   (You acquired it on level 5 of the Dungeon)

   [ring of protection from fire]

   It affects your strength (+5).
   It protects you from fire.
 l - a ring of positive energy (left tentacle)
 m - a ring of resist corrosion (right tentacle)
 q - an uncursed amulet of reflection {unknown}
 r - an uncursed ring of wizardry {unknown}
Scrolls
 d - 5 scrolls of remove curse
 e - 2 scrolls of fog
 g - 2 scrolls of teleportation
 h - a scroll of magic mapping
 j - 5 scrolls of fear
 n - 9 scrolls of identify
 u - 2 scrolls of enchant armour
Potions
 f - 5 potions of haste
 k - 3 potions of flight
 p - 2 potions of attraction
 s - a potion of curing


   Skills:
 + Level 3.0 Fighting
 + Level 4.3 Short Blades
 + Level 2.0(3.0) Axes
 + Level 2.3(3.1) Maces & Flails
 + Level 2.0(2.8) Polearms
 + Level 2.0(3.0) Staves
 + Level 2.0(2.8) Slings
 + Level 2.0 Bows
 + Level 2.5 Crossbows
 + Level 3.0(3.3) Throwing
 + Level 2.0 Dodging
 + Level 10.1 Stealth
 + Level 2.0 Shields
 + Level 2.0 Unarmed Combat
 + Level 2.1 Spellcasting
 + Level 2.7 Conjurations
 + Level 2.0 Hexes
 + Level 2.0 Summonings
 + Level 2.0 Necromancy
 + Level 2.0 Translocations
 + Level 2.0 Transmutations
 + Level 2.0 Fire Magic
 + Level 2.0 Ice Magic
 + Level 2.0 Air Magic
 + Level 2.0 Earth Magic
 + Level 2.4 Poison Magic
 + Level 2.2 Invocations
 + Level 3.0 Evocations


You had 11 spell levels left.
You didn't know any spells.
Your spell library contained the following spells:

 Spells                   Type           Power        Failure   Level
 Shock                    Conj/Air       28%          10%         1
 Swiftness                Air            6%           17%         2
 Static Discharge         Conj/Air       7%           28%         3
 Confusing Touch          Hex            6%           32%         3
 Gell's Gravitas          Tloc           3%           32%         3
 Airstrike                Air            3%           73%         4
 Petrify                  Tmut/Erth      6%           73%         4
 Lightning Bolt           Conj/Air       3%           95%         5
 Metabolic Englaciation   Hex/Ice        3%           97%         5
 Yara's Violent Unravell  Hex/Tmut       3%           97%         5


Dungeon Overview and Level Annotations

Branches:
Dungeon (6/15)             Temple (0/1) D:5         Ossuary (visited)

Altars:
Ashenzari
Cheibriados
Dithmenos
Vehumet


Innate Abilities, Weirdness & Mutations

You cannot wear most types of armour.
You are very stealthy in the water. (Stealth+)
You are amphibious.
You can wear up to eight rings at the same time.
You can use your tentacles to constrict eight enemies at once.
Your skin changes colour to match your surroundings (Stealth+).
Your rubbery body absorbs attacks. (AC +1, EV +1)


Message History

You hit the orc.
The orc is heavily wounded.
You constrict the orc, but do no damage.
The orc barely misses you.
The orc warrior hits you from afar with a +0 halberd!
You feel very mighty all of a sudden.
You constrict the orc, but do no damage.
The orc misses you. The orc warrior closely misses you.
The orc barely misses you.
You hit the orc.
The orc is almost dead.
You constrict the orc.
You kill the orc!
The orc warrior barely misses you.
You barely miss the orc wizard. You grab the orc wizard.
The orc wizard is lightly wounded.
You feel yourself speed up.
You constrict the orc wizard. The orc wizard barely misses you.
The orc warrior hits you from afar with a +0 halberd!!
You die...

#..######.#
# #. #.##
#.. #. #.#
### #.
#.#######
#.
#........
#.
#?#######
#. #.# ..
#.# #@# #o#
.o. #.#.>
#. .## ##
##


You could see an orc warrior and an orc wizard.

Vanquished Creatures
  3 ogres (D:5)
  A phantom (D:5)
  2 elf zombies (Ossuary)
  A scorpion (D:6)
  A howler monkey (D:4)
  A centaur zombie (Ossuary)
  An orc wizard (D:6)
  A hound (D:6)
  A centaur skeleton (D:3)
  9 human zombies (Ossuary)
  A jelly (D:6)
  2 iguanas (D:4)
  A worker ant (D:4)
  3 mummies (Ossuary)
  A gnoll (D:1)
  12 adders
  A white imp (D:2)
  An ooze (D:5)
  An adder skeleton (D:5)
  2 worms
  2 dart slugs
  5 leopard geckos
  4 orcs
  3 ball pythons
  7 giant cockroaches
  8 goblins
  10 hobgoblins
  8 jackals
  3 quokkas
  8 bats
  5 frilled lizards
  6 kobolds
  8 rats
123 creatures vanquished.

Notes
Turn   | Place    | Note
-------+----------+-------------------------------------------
     0 | D:1      | kreisler the Octopode Brigand began the quest for the Orb.
     0 | D:1      | Reached XP level 1. HP: 14/14 MP: 1/1
    72 | D:1      | Reached XP level 2. HP: 10/19 MP: 2/2
   511 | D:1      | Reached XP level 3. HP: 7/24 MP: 3/3
   842 | D:1      | Reached skill level 6 in Stealth
  1346 | D:2      | Reached XP level 4. HP: 29/29 MP: 4/4
  1809 | D:2      | Reached skill level 7 in Stealth
  2268 | D:3      | Reached XP level 5. HP: 34/34 MP: 5/5
  2843 | D:3      | Reached XP level 6. HP: 41/41 MP: 5/9
  3672 | D:4      | Reached skill level 8 in Stealth
  3678 | D:4      | Reached XP level 7. HP: 32/45 MP: 10/10
  3682 | D:4      | Found a radiant altar of Vehumet.
  4047 | D:5      | Entered Level 5 of the Dungeon
  4171 | D:5      | Found a shadowy altar of Dithmenos.
  4241 | D:5      | Found a snail-covered altar of Cheibriados.
  4264 | D:5      | Reached skill level 9 in Stealth
  4332 | D:5      | Found a staircase to the Ecumenical Temple.
  4343 | D:5      | Found a sand-covered staircase.
  4353 | Ossuary  | Entered an ossuary
  4454 | Ossuary  | Reached XP level 8. HP: 33/51 MP: 11/11
  5164 | D:5      | Found a broken altar of Ashenzari.
  5477 | D:5      | Identified a scroll of acquirement
  5477 | D:5      | Acquired the ring of Taynaob {rF+ Str+5}
  5526 | D:6      | Reached skill level 10 in Stealth
  5780 | D:6      | Slain by an orc warrior

Illustrated notes

Levels and vault maps discovered:
D:1:      dpeg_arrival_more_subterranean_lakeside_camping, layout_basic
D:2:      layout_loops_corners
D:3:      layout_loops_ring
D:4:      layout_loops_ring, marbit_many_paths, kennysheep_generic_room_13
D:5:      layout_loops_ring, ashenzari_altar_1, overflow_temple_1_default,
          minmay_temple_entry_tees, lightli_ossuary_entry_decrepit_ruins,
          nicolae_dithmenos_the_darkroom
D:6:      layout_loops_ring, uniq_menkaure

Skill      XL: |  1  2  3  4  5  6  7  8 |
---------------+-------------------------+-----
Stealth        | 6 7 8 9 10 | 10.1
Short Blades   | 3 4 |  4.3
Axes           | 2 |  2.0
Maces & Flails | 2 |  2.3
Polearms       | 2 |  2.0
Staves         | 2 |  2.0
Slings         | 2 |  2.0
Bows           | 2 |  2.0
Crossbows      | 2 |  2.5
Shields        | 2 |  2.0
Unarmed Combat | 2 |  2.0
Spellcasting   | 2 |  2.1
Conjurations   | 2 |  2.7
Hexes          | 2 |  2.0
Summonings     | 2 |  2.0
Necromancy     | 2 |  2.0
Translocations | 2 |  2.0
Transmutations | 2 |  2.0
Fire Magic     | 2 |  2.0
Ice Magic      | 2 |  2.0
Air Magic      | 2 |  2.0
Earth Magic    | 2 |  2.0
Poison Magic   | 2 |  2.4
Invocations    | 2 |  2.2
Evocations     | 3 |  3.0
Fighting       | 3 |  3.0
Dodging        | 2 |  2.0
Throwing       | 3 |  3.0

Action                   |  1- 3 |  4- 6 |  7- 9 || total
-------------------------+-------+-------+-------++-------
Melee: Dagger            |    55 |   111 |   113 ||   279
       Constrict         |    14 |    14 |    18 ||    46
       Tentacles         |    12 |     9 |    32 ||    53
       Punch             |       |     1 |       ||     1
Throw: Dart              |     7 |     7 |    10 ||    24
  Use: Scroll            |     7 |     1 |     4 ||    12
       Potion            |     3 |     6 |     8 ||    17
 Stab: Sleeping          |    13 |    27 |    15 ||    55
Armor: Skin              |     6 |     6 |     2 ||    14
Dodge: Dodged            |    31 |    39 |    43 ||   113
